[ AOE2 MATCH · #513782721 ]
UnrankedMalians vs Vietnamese
Player's team · LOSS
[ REPLAY ANALYSIS · EXTRACTED FROM THE RECORDED GAME ]
Feudal
10:35
Castle
25:57
Imperial
44:56
| APM avg | 48.1 |
| APM peak | 98 |
| eAPM avg | 18.8 |
| Villagers / military | 141 / 174 |
Focus
⚔️ 43.4% · 🌾 56.6%
Gbeto ×52 · Skirmisher ×48 · Spearman ×31 · Militia ×19 · Scout Cavalry ×16 · Trebuchet (Packed) ×5
Feudal
11:03
Castle
23:46
Imperial
44:07
| APM avg | 34.1 |
| APM peak | 74 |
| eAPM avg | 19.4 |
| Villagers / military | 160 / 225 |
Focus
⚔️ 29.4% · 🌾 70.6%
Rattan Archer ×111 · Battle Elephant ×85 · Knight ×13 · Archer ×4 · Bombard Cannon ×4 · Monk ×3
Match map
Initial resources + every placement click. Lines = walls · curves = elevation contours. ◆ gold · ⬟ stone · ● berries · ✦ relic · ◌ wall gap
Your base· Open — unwalled flank
Rollertoto's base· Open — unwalled flank
Smoothed initial terrain · ◌ = detected wall gap · hover for details
Inputs per minute
— ChoRi-Wolo.gg - - Rollertoto
Build order — ChoRi-Wolo.gg
First 150 of 441 actions detected
| 0:04 | Queue | Villager (Male) |
| 0:04 | Queue | Villager (Male) |
| 0:04 | Queue | Villager (Male) |
| 0:05 | Queue | Villager (Male) |
| 0:05 | Queue | Villager (Male) |
| 0:09 | Build | House |
| 0:11 | Build | House |
| 1:28 | Queue | Villager (Male) |
| 1:29 | Queue | Villager (Male) |
| 2:09 | Build | Lumber Camp |
| 2:11 | Queue | Villager (Male) |
| 2:30 | Queue | Villager (Male) |
| 3:11 | Research | Loom |
| 3:34 | Queue | Villager (Male) |
| 3:35 | Queue | Villager (Male) |
| 3:35 | Queue | Villager (Male) |
| 3:53 | Build | House |
| 4:34 | Queue | Villager (Male) |
| 4:35 | Queue | Villager (Male) |
| 4:55 | Build | Mill |
| 5:30 | Queue | Villager (Male) |
| 5:30 | Queue | Villager (Male) |
| 5:30 | Queue | Villager (Male) |
| 5:31 | Queue | Villager (Male) |
| 5:31 | Queue | Villager (Male) |
| 6:30 | Build | House |
| 7:29 | Queue | Villager (Male) |
| 7:48 | Build | Barracks |
| 7:57 | Queue | Villager (Male) |
| 7:57 | Queue | Villager (Male) |
| 8:06 | Research | Feudal Age |
| 8:48 | Queue | Militia |
| 8:48 | Queue | Militia |
| 8:54 | Build | House |
| 8:56 | Build | House |
| 8:57 | Build | House |
| 9:17 | Queue | Militia |
| 9:17 | Queue | Militia |
| 9:47 | Queue | Villager (Male) |
| 10:35 | Age | Feudal Age |
| 10:41 | Research | Man-at-Arms (upgrade) |
| 11:52 | Build | Mining Camp |
| 11:58 | Queue | Villager (Male) |
| 11:58 | Queue | Villager (Male) |
| 11:59 | Queue | Villager (Male) |
| 12:40 | Queue | Villager (Male) |
| 12:40 | Queue | Villager (Male) |
| 12:40 | Queue | Villager (Male) |
| 12:41 | Queue | Villager (Male) |
| 12:41 | Queue | Villager (Male) |
| 12:41 | Queue | Villager (Male) |
| 13:25 | Build | Farm |
| 13:26 | Build | Farm |
| 13:26 | Build | Farm |
| 13:26 | Build | Farm |
| 13:26 | Build | Farm |
| 13:26 | Build | Farm |
| 13:26 | Build | Farm |
| 13:27 | Build | Farm |
| 13:39 | Research | Double-Bit Axe |
| 13:39 | Research | Double-Bit Axe |
| 14:18 | Queue | Militia |
| 14:18 | Queue | Militia |
| 14:48 | Build | Archery Range |
| 15:24 | Build | Blacksmith |
| 15:29 | Build | House |
| 15:32 | Build | House |
| 15:34 | Queue | Villager (Male) |
| 15:34 | Queue | Villager (Male) |
| 15:35 | Queue | Villager (Male) |
| 16:13 | Queue | Skirmisher |
| 16:13 | Queue | Skirmisher |
| 16:14 | Queue | Skirmisher |
| 16:14 | Queue | Skirmisher |
| 16:14 | Queue | Skirmisher |
| 16:14 | Queue | Skirmisher |
| 16:44 | Research | Fletching |
| 16:44 | Research | Padded Archer Armor |
| 16:49 | Queue | Villager (Male) |
| 16:50 | Queue | Villager (Male) |
| 17:19 | Queue | Militia |
| 17:19 | Queue | Militia |
| 17:25 | Build | House |
| 17:26 | Build | House |
| 17:29 | Queue | Villager (Male) |
| 17:29 | Queue | Villager (Male) |
| 18:16 | Queue | Villager (Male) |
| 18:16 | Queue | Villager (Male) |
| 18:17 | Queue | Villager (Male) |
| 18:17 | Queue | Villager (Male) |
| 18:21 | Build | Farm |
| 18:22 | Build | Farm |
| 18:22 | Build | Farm |
| 18:22 | Build | Farm |
| 18:22 | Build | Farm |
| 18:23 | Build | Farm |
| 19:21 | Queue | Skirmisher |
| 19:21 | Queue | Skirmisher |
| 19:25 | Build | House |
| 19:27 | Build | House |
| 19:29 | Queue | Villager (Male) |
| 19:29 | Queue | Villager (Male) |
| 19:52 | Build | Farm |
| 19:53 | Build | Farm |
| 19:53 | Build | Farm |
| 19:55 | Build | Farm |
| 19:55 | Build | Farm |
| 19:55 | Build | Farm |
| 19:55 | Build | Farm |
| 19:55 | Build | Farm |
| 20:01 | Queue | Villager (Male) |
| 20:02 | Queue | Villager (Male) |
| 20:55 | Research | Wheelbarrow |
| 21:30 | Queue | Skirmisher |
| 21:30 | Queue | Skirmisher |
| 21:31 | Queue | Skirmisher |
| 21:32 | Queue | Villager (Male) |
| 22:05 | Build | House |
| 22:10 | Build | Market |
| 22:36 | Research | Scale Mail Armor |
| 22:37 | Research | Forging |
| 22:41 | Queue | Militia |
| 22:41 | Queue | Militia |
| 22:42 | Queue | Militia |
| 22:42 | Queue | Militia |
| 22:43 | Queue | Militia |
| 23:13 | Queue | Villager (Male) |
| 23:17 | Research | Castle Age |
| 23:17 | Research | Castle Age |
| 23:29 | Queue | Skirmisher |
| 23:29 | Queue | Skirmisher |
| 23:30 | Queue | Skirmisher |
| 23:52 | Queue | Skirmisher |
| 23:53 | Queue | Skirmisher |
| 23:55 | Queue | Militia |
| 23:55 | Queue | Militia |
| 23:56 | Queue | Militia |
| 24:44 | Queue | Villager (Male) |
| 24:46 | Queue | Militia |
| 24:47 | Queue | Skirmisher |
| 24:47 | Queue | Skirmisher |
| 24:54 | Build | House |
| 25:19 | Queue | Villager (Male) |
| 25:22 | Queue | Skirmisher |
| 25:23 | Queue | Militia |
| 25:37 | Build | House |
| 25:43 | Queue | Skirmisher |
| 25:45 | Queue | Militia |
| 25:57 | Age | Castle Age |
| 26:06 | Build | Siege Workshop |
Build order — Rollertoto
First 150 of 414 actions detected
| 0:03 | Build | House |
| 0:04 | Build | House |
| 0:06 | Queue | Villager (Male) |
| 0:06 | Queue | Villager (Male) |
| 0:06 | Queue | Villager (Male) |
| 0:46 | Queue | Villager (Male) |
| 0:46 | Queue | Villager (Male) |
| 0:47 | Queue | Villager (Male) |
| 1:39 | Queue | Villager (Male) |
| 1:39 | Queue | Villager (Male) |
| 1:39 | Queue | Villager (Male) |
| 2:03 | Build | Lumber Camp |
| 2:08 | Queue | Villager (Male) |
| 2:08 | Queue | Villager (Male) |
| 2:08 | Queue | Villager (Male) |
| 2:29 | Queue | Villager (Male) |
| 2:30 | Queue | Villager (Male) |
| 3:01 | Queue | Villager (Male) |
| 3:02 | Queue | Villager (Male) |
| 3:31 | Queue | Villager (Male) |
| 3:31 | Queue | Villager (Male) |
| 4:18 | Queue | Villager (Male) |
| 4:18 | Queue | Villager (Male) |
| 4:23 | Build | Mill |
| 4:27 | Build | House |
| 4:37 | Queue | Villager (Male) |
| 4:37 | Queue | Villager (Male) |
| 5:00 | Queue | Villager (Male) |
| 5:00 | Queue | Villager (Male) |
| 5:00 | Queue | Villager (Male) |
| 5:51 | Build | House |
| 6:02 | Queue | Villager (Male) |
| 6:02 | Queue | Villager (Male) |
| 6:02 | Queue | Villager (Male) |
| 6:02 | Queue | Villager (Male) |
| 6:30 | Queue | Villager (Male) |
| 7:04 | Queue | Villager (Male) |
| 7:52 | Queue | Villager (Male) |
| 8:17 | Research | Loom |
| 8:32 | Research | Feudal Age |
| 8:32 | Research | Feudal Age |
| 8:40 | Build | Farm |
| 9:33 | Build | Mining Camp |
| 9:45 | Queue | Villager (Male) |
| 9:46 | Queue | Villager (Male) |
| 9:46 | Queue | Villager (Male) |
| 10:00 | Build | House |
| 10:07 | Build | Barracks |
| 10:36 | Queue | Villager (Male) |
| 10:43 | Build | House |
| 11:03 | Age | Feudal Age |
| 11:13 | Build | Palisade Wall |
| 11:32 | Build | Archery Range |
| 11:49 | Queue | Spearman |
| 12:00 | Build | House |
| 12:13 | Build | House |
| 12:34 | Build | Farm |
| 12:34 | Build | Farm |
| 12:36 | Build | Farm |
| 12:45 | Build | Archery Range |
| 13:02 | Build | House |
| 13:05 | Build | House |
| 13:07 | Build | House |
| 13:16 | Build | Farm |
| 13:17 | Queue | Villager (Male) |
| 13:17 | Queue | Villager (Male) |
| 13:18 | Queue | Villager (Male) |
| 13:29 | Queue | Archer |
| 13:33 | Build | Farm |
| 13:34 | Queue | Villager (Male) |
| 13:34 | Queue | Villager (Male) |
| 13:43 | Build | Farm |
| 14:19 | Build | House |
| 14:31 | Build | Palisade Wall |
| 14:31 | Build | Palisade Wall |
| 14:46 | Queue | Villager (Male) ×5 |
| 14:51 | Queue | Archer |
| 15:02 | Build | Farm |
| 15:43 | Build | Farm |
| 16:21 | Build | Farm |
| 16:44 | Queue | Archer |
| 16:44 | Queue | Archer |
| 17:03 | Queue | Villager (Male) |
| 17:04 | Queue | Villager (Male) |
| 17:27 | Build | Farm |
| 17:32 | Build | Farm |
| 17:49 | Build | Farm |
| 18:16 | Build | Farm |
| 18:32 | Queue | Villager (Male) |
| 18:32 | Queue | Villager (Male) |
| 18:44 | Build | House |
| 18:48 | Build | Palisade Wall |
| 19:27 | Build | Farm |
| 19:44 | Build | Blacksmith |
| 19:50 | Queue | Villager (Male) |
| 19:51 | Queue | Villager (Male) |
| 19:57 | Build | House |
| 20:03 | Build | House |
| 20:18 | Build | House |
| 21:07 | Research | Castle Age |
| 21:08 | Research | Castle Age |
| 21:11 | Queue | Villager (Male) |
| 21:12 | Queue | Villager (Male) |
| 21:12 | Queue | Villager (Male) |
| 21:40 | Research | Forging |
| 21:55 | Build | Farm |
| 21:57 | Build | Farm |
| 22:01 | Build | Farm |
| 22:10 | Build | Stable |
| 22:15 | Research | Double-Bit Axe |
| 22:36 | Queue | Villager (Male) |
| 22:36 | Queue | Villager (Male) |
| 23:02 | Build | Farm |
| 23:03 | Build | Farm |
| 23:22 | Build | Farm |
| 23:25 | Queue | Villager (Male) |
| 23:37 | Research | Bloodlines |
| 23:46 | Age | Castle Age |
| 23:51 | Build | Town Center |
| 23:54 | Queue | Villager (Male) |
| 24:12 | Build | Town Center |
| 24:20 | Research | Husbandry |
| 24:20 | Queue | Knight ×4 |
| 24:22 | Queue | Knight |
| 24:28 | Research | Gold Mining |
| 24:30 | Research | Bow Saw |
| 24:30 | Research | Bow Saw |
| 24:35 | Build | Palisade Wall |
| 25:01 | Queue | Villager (Male) |
| 25:16 | Build | Stable |
| 25:30 | Research | Iron Casting |
| 25:36 | Queue | Villager (Male) |
| 25:40 | Build | Farm |
| 25:43 | Build | Farm |
| 25:48 | Build | Farm |
| 25:53 | Build | Farm |
| 26:09 | Build | Farm |
| 26:12 | Build | Farm |
| 26:16 | Queue | Villager (Male) ×3 |
| 26:32 | Queue | Knight |
| 26:34 | Queue | Knight |
| 26:34 | Queue | Knight |
| 26:39 | Build | Farm |
| 26:42 | Queue | Villager (Male) |
| 26:43 | Queue | Villager (Male) |
| 26:43 | Queue | Villager (Male) |
| 26:47 | Build | Farm |
| 27:05 | Build | Farm |
| 27:08 | Queue | Knight ×2 |
| 27:09 | Queue | Knight ×2 |
Match timeline
| 7:48 | ChoRi-Wolo.gg · first_building Barracks |
| 10:07 | Rollertoto · first_building Barracks |
| 10:35 | ChoRi-Wolo.gg · age_up feudal |
| 11:03 | Rollertoto · age_up feudal |
| 11:13 | Rollertoto · wall_segment Palisade Wall x1 |
| 11:32 | Rollertoto · first_building Archery Range |
| 14:31 | Rollertoto · wall_segment Palisade Wall x1 |
| 14:31 | Rollertoto · wall_segment Palisade Wall x1 |
| 14:48 | ChoRi-Wolo.gg · first_building Archery Range |
| 18:48 | Rollertoto · wall_segment Palisade Wall x2 |
| 22:10 | Rollertoto · first_building Stable |
| 22:55 | ChoRi-Wolo.gg · first_market_buy 100 food |
| 23:46 | Rollertoto · age_up castle |
| 24:35 | Rollertoto · wall_segment Palisade Wall x3 |
| 25:57 | ChoRi-Wolo.gg · age_up castle |
| 26:06 | ChoRi-Wolo.gg · first_building Siege Workshop |
| 31:05 | ChoRi-Wolo.gg · first_building Monastery |
| 31:58 | Rollertoto · first_building Monastery |
| 33:21 | Rollertoto · first_building Castle |
| 33:27 | ChoRi-Wolo.gg · first_building Castle |
| 39:48 | Rollertoto · first_market_buy 100 food |
| 44:07 | Rollertoto · age_up imperial |
| 44:56 | ChoRi-Wolo.gg · age_up imperial |
| 46:18 | ChoRi-Wolo.gg · first_building Stable |
| 48:22 | Rollertoto · first_market_sell 100 stone |
| 49:35 | Rollertoto · first_building Siege Workshop |
| 50:35 | Rollertoto · wall_segment Stone Wall x14 |
| 52:26 | Rollertoto · wall_segment Stone Wall x7 |
| 54:32 | ChoRi-Wolo.gg · resign |
[ AI ANALYSIS · 1 CREDIT ]
What really happened in this match?
Wolo.gg analyzes every decision: build order, eco, micro, common mistakes by bracket. Personalized analysis on WhatsApp or Discord in 30 seconds.
Civ guide
Malians
Perfil
Jugador #3309795